 Dungeon Crawl Stone Soup version 0.24.0-1-gfbc8707 (webtiles) character file.

Game seed: 16464486817786217710, levelgen mode: deterministic

414 DrEnzyme the Skirmisher (level 6, -4/45 (53) HPs)
             Began as a Ghoul Wanderer on Nov 12, 2019.
             Was an Initiate of Ru.
             Slain by an ogre
             ... wielding a +0 giant club
              (10 damage)
             ... on level 5 of the Dungeon.
             The game lasted 00:14:22 (5518 turns).

DrEnzyme the Skirmisher (Ghoul Wanderer)            Turns: 5518, Time: 00:14:22

HP:   -4/45 (53)    AC:  6    Str: 16    XL:     6   Next: 91%
MP:   14/14         EV: 10    Int:  6    God:    Ru [......]
Gold: 142           SH:  0    Dex: 11    Spells: 5/5 levels left

rFire    . . .     SeeInvis .   a - +3 spear
rCold    + . .     Gourm    .   (no shield)
rNeg     + + +     Faith    .   u - +0 scale mail
rPois    ∞         Spirit   .   (no helmet)
rElec    .         Reflect  .   (no cloak)
rCorr    .         Harm     .   (no gloves)
MR       .....                  (no boots)
Stlth    +.........             (no amulet)
HPRegen  0.00/turn              c - ring of magical power
MPRegen  0.14/turn              e - ring of flight

@: about to teleport, very slightly contaminated, rotting
A: rotting body, claws 1, carnivore, cold resistance 1, negative energy
resistance 3, inhibited regeneration, torment resistance, unbreathing
a: Renounce Religion, Evoke Flight


You were on level 5 of the Dungeon.
You worshipped Ru.
Ru was noncommittal.
You were not hungry.

You visited 2 branches of the dungeon, and saw 6 of its levels.

You collected 142 gold pieces.

Inventory:

Hand Weapons
 a - a +3 spear (weapon)
 d - a +0 dagger
 m - a +3 short sword
Missiles
 t - a throwing net
 v - 2 poisoned darts (quivered)
Armour
 g - a +0 leather armour
 p - a +0 chain mail
 u - a +0 scale mail (worn)
Jewellery
 c - a ring of magical power (left claw)
 e - a ring of flight (right claw)
 r - an uncursed ring of wizardry
Scrolls
 b - 3 scrolls of teleportation
 n - a scroll of fog
 s - a scroll of amnesia
Potions
 i - a potion of ambrosia {unknown}
 j - a potion of might
 k - 2 potions of curing {unknown}
 l - 3 potions of heal wounds
 o - 4 potions of brilliance
 q - 2 potions of haste {unknown}
Comestibles
 f - 4 rations


   Skills:
 * Level 4.6 Fighting
 + Level 3.5 Polearms
 + Level 0.5 Throwing
 + Level 2.4 Armour
 + Level 2.1 Dodging
 + Level 4.3 Stealth
   Level 1.0 Shields
 + Level 1.0 Evocations


You had 5 spell levels left.
You didn't know any spells.
Your spell library was empty.

Dungeon Overview and Level Annotations

Branches:
Dungeon (5/15)             Temple (1/1) D:4

Altars:
Cheibriados
Elyvilon
Kikubaaqudgha
Makhleb
Qazlal
Ru
Sif Muna
Trog
Vehumet
Xom
Yredelemnul
Zin
The Shining One

Annotations:
D:2 Sigmund
D:4 Eustachio


Innate Abilities, Weirdness & Mutations

Your body is rotting away.
You thrive on raw meat.
You are immune to poison.
You have sharp fingernails.
You are carnivorous and can eat meat at any time.
Your flesh is cold resistant. (rC+)
You are immune to negative energy. (rN+++)
You do not regenerate when monsters are visible.
You are immune to unholy pain and torment.
You can survive without breathing.


Message History

You struggle against the net.
The gnoll hits you from afar with a +0 halberd!
The ogre barely misses you.
The gnoll shaman hits you with a +0 club.
As you read the scroll of teleportation, it crumbles to dust.
You feel strangely unstable.
The gnoll hits you from afar with a +0 halberd!
The hound completely misses you.
The gnoll shaman hits you with a +0 club.
* * * LOW HITPOINT WARNING * * *
The ogre barely misses you.
You rip the net and break free!
The hound bites you but does no damage. The gnoll hits you but does no damage.
The gnoll shaman completely misses you. The hound bites you.
* * * LOW HITPOINT WARNING * * *
You closely miss the hound.
The gnoll hits you from afar with a +0 spear.
* * * LOW HITPOINT WARNING * * *
The ogre hits you with a +0 giant club!
You die...

.######...
........#
.......#
......#
....$###
....$!###
#h.g(....
#@gg.#
##O......
g..####
.....
......#
###....
..## .#


You could see an ogre, a gnoll shaman, a hound and 3 gnolls.

Vanquished Creatures
  A phantom (D:4)
  A scorpion (D:4)
  A hound (D:4)
  A jelly (D:4)
  An iguana (D:4)
  Terence (D:2)
  4 gnolls (D:4)
  6 adders
  An adder skeleton (D:4)
  A dart slug (D:1)
  5 leopard geckos
  5 orcs (D:4)
  2 giant cockroaches
  7 goblins
  7 hobgoblins
  7 jackals
  5 kobolds
  A quokka (D:2)
  3 ball pythons
  7 bats
  2 frilled lizards
  6 rats
75 creatures vanquished.

Vanquished Creatures (others)
  4 toadstools (D:1)
4 creatures vanquished.

Grand Total: 79 creatures vanquished

Notes
Turn   | Place    | Note
-------+----------+-------------------------------------------
     0 | D:1      | DrEnzyme the Ghoul Wanderer began the quest for the Orb.
     0 | D:1      | DrEnzyme set off with the following items: a +2 spear, 2
                  | scrolls of teleportation, a +0 robe, a +0 dagger, a ration
     0 | D:1      | Reached XP level 1. HP: 17/17 MP: 0/0
   293 | D:1      | You fall into a shaft and drop 1 floor!
   316 | D:2      | Reached XP level 2. HP: 25/25 MP: 1/1
   962 | D:1      | Reached XP level 3. HP: 29/29 MP: 2/2
  1393 | D:2      | Noticed Terence
  1542 | D:2      | Reached XP level 4. HP: 20/38 MP: 3/3
  2129 | D:2      | Noticed Sigmund
  2388 | D:3      | Found a radiant altar of Vehumet.
  2401 | D:3      | Reached skill level 1 in Armour
  2636 | D:3      | Found a sacrificial altar of Ru.
  2932 | D:3      | Became a worshipper of Ru the Awakened
  3300 | D:4      | Noticed a phantom
  3366 | D:4      | Reached XP level 5. HP: 31/45 MP: 4/4
  3617 | D:4      | Found a staircase to the Ecumenical Temple.
  3648 | Temple   | Entered the Ecumenical Temple
  3945 | D:4      | Noticed Eustachio
  4109 | D:2      | Killed Terence
  4321 | D:4      | Reached XP level 6. HP: 39/47 MP: 5/5
  4834 | D:4      | Killed a phantom
  5475 | D:5      | Entered Level 5 of the Dungeon
  5518 | D:5      | Slain by an ogre

Levels and vault maps discovered:
D:1:      ldierk_water_garden, layout_basic, minmay_vboxes
D:2:      layout_rooms, uniq_sigmund, uniq_terence
D:3:      layout_loops_ring, lemuel_round_altar, nicolae_ru_the_path_less_chosen
D:4:      layout_layer_cave, minmay_temple_entry_sparse_star, first_ration,
          ebering_ghost_disaster_area, uniq_eustachio
D:5:      layout_rooms, nemelex_xobeh_ov_fountains_minmay
Temple:   minmay_freezing_vapour_temple

Skill      XL: |  1  2  3  4  5  6 |
---------------+-------------------+-----
Polearms       | 2 3 |  3.5
Stealth        | 4 |  4.3
Fighting       | 3 4 |  4.6
Armour         | 1 2 |  2.4
Dodging        | 2 |  2.1
Throwing       | |  0.5
Shields        | |  1.0
Evocations     | |  1.0

Action                   |  1- 3 |  4- 6 || total
-------------------------+-------+-------++-------
Melee: Spear             |    97 |   261 ||   358
Throw: Dart              |       |    10 ||    10
  Use: Scroll            |     3 |    13 ||    16
 Stab: Sleeping          |     8 |     2 ||    10
  Eat: Chunk             |     5 |    18 ||    23
       Ration            |       |     3 ||     3
Armor: Leather armour    |    22 |    30 ||    52
       Scale mail        |       |    31 ||    31
Dodge: Dodged            |    51 |   124 ||   175
